Map: Ever Dream LE

Players

Cham

  • Race: Zerg Zerg
  • League: Grandmaster
  • Spawn Location: 1:00

Kelazhur - Winner!

  • Race: Terran Terran
  • League: Master
  • Spawn Location: 7:00

Event: DreamHack SC2 Masters 2020 Summer Latin America

VOD

Have the link to the VOD?

Description

Time

  • Played on: June 28, 2020, 4:10 p.m.
  • Length: 12:22

All games in this series

Show
View Real Time Build Order
Export as new Build Order

Cham Zerg 

Build Orders: Hatch First 

Get SALT Encoding   

  12  0:00  Drone  
  13  0:08  Drone  
  14  0:17  Overlord  
  15  0:35  Drone  
  15  0:36  Drone  
  16  0:49  Hatchery  
  15  0:52  Drone  
  15  0:56  Drone  
  17  1:00  Drone  
  18  1:11  Extractor  
  17  1:15  Spawning Pool  
  16  1:19  Drone  
  16  1:22  Drone  
  18  1:29  Drone  
  19  1:43  Drone  
  20  1:52  Overlord  
  20  2:02  Queen x2  
  20  2:03  Zergling x4  
  26  2:12  Drone x2  
  28  2:17  Metabolic Boost  
  28  2:25  Drone  
  29  2:35  Hatchery  
  28  2:44  Queen  
  28  2:49  Overlord  
  30  2:53  Zergling x4  
  31  3:00  Zergling x4  
  31  3:03  Zergling x2  
  34  3:06  Zergling x2  
  35  3:13  Zergling x4  
  35  3:14  Zergling x4  
  36  3:28  Zergling x6  
  39  3:38  Zergling x2  
  39  3:39  Zergling x2  
  39  3:45  Zergling x2  
  39  3:47  Zergling x2  
  40  3:50  Zergling x2  
  40  3:51  Queen x2  
  40  3:53  Zergling x2  
  46  4:00  Zergling x2  
  46  4:01  Zergling x2  
  46  4:17  Zergling x8  
  46  4:19  Zergling x2  
  50  4:25  Overlord  
  50  4:26  Overlord  
  50  4:29  Overlord  
  44  4:39  Drone x5  
  44  4:43  Zergling x2  
  47  4:46  Zergling x2  
  47  4:52  Zergling x4  
  46  5:00  Zergling x4  
  46  5:01  Zergling x10  
  45  5:07  Drone  
  45  5:13  Evolution Chamber  
  45  5:15  Zergling x4  
  45  5:18  Zergling x2  
  48  5:25  Zergling x2  
  48  5:27  Zergling x4  
  48  5:30  Zergling x2  
  48  5:32  Zergling x4  
  48  5:34  Drone x4  
  51  5:39  Zergling x2  
  51  5:41  Zerg Ground Armor Level 1  
  51  5:42  Zergling x2  
  51  5:44  Drone  
  51  5:45  Drone  
  53  5:50  Drone x2  
  53  5:54  Zergling x4  
  53  5:55  Zergling x2  
  57  5:58  Zergling x2  
  57  5:59  Zergling x2  
  57  6:03  Drone  
  60  6:04  Drone x2  
  60  6:08  Drone  
  63  6:12  Overlord  
  63  6:13  Drone x2  
  63  6:17  Drone x2  
  67  6:20  Zergling x2  
  67  6:21  Zergling x2  
  68  6:26  Zergling x2  
  68  6:27  Drone x3  
  68  6:30  Lair  
  68  6:31  Drone  
  73  6:37  Overlord  
  73  6:39  Drone x2  
  75  6:41  Drone x2  
  75  6:44  Drone  
  78  6:49  Extractor  
  78  6:50  Zergling x4  
  78  6:51  Baneling Nest, Zergling x2  
  78  6:57  Overlord  
  78  6:58  Drone  
  78  7:08  Drone x5  
  77  7:09  Overlord  
  77  7:14  Overlord  
  79  7:16  Drone, Extractor  
  79  7:17  Drone x2, Extractor  
  79  7:18  Drone  
  79  7:19  Drone  
  79  7:20  Hatchery  
  81  7:24  Overlord  
  81  7:25  Evolution Chamber, Drone  
  81  7:26  Drone  
  81  7:27  Drone  
  83  7:32  Zergling x2  
  83  7:33  Zergling x4  
  85  7:39  Zerg Ground Armor Level 2  
  84  7:46  Zergling x2  
  84  7:47  Zergling x6  
  84  7:48  Overlord  
  84  7:49  Zergling x10  
  93  7:57  Centrifical Hooks  
  93  7:58  Zergling x4  
  93  7:59  Queen, Zergling x4  
  93  8:03  Queen  
  101  8:10  Zergling x14  
  108  8:13  Zergling x4  
  108  8:17  Baneling  
  108  8:18  Baneling x3  
  110  8:20  Baneling, Zerg Melee Weapons Level 1  
  110  8:21  Baneling  
  110  8:22  Drone x2  
  110  8:23  Baneling  
  110  8:24  Overlord  
  110  8:26  Drone x2  
  114  8:29  Overlord  
  114  8:31  Baneling x3  
  113  8:45  Zergling x14  
  116  8:54  Zergling x4  
  116  8:55  Zergling x12  
  117  8:56  Drone x3  
  117  9:00  Unknown, Drone  
  117  9:01  Infestation Pit  
  115  9:03  Baneling x4  
  115  9:06  Zergling x6  
  115  9:07  Zergling x2  
  115  9:09  Drone  
  119  9:11  Hatchery  
  119  9:16  Drone x2  
  119  9:17  Drone  
  121  9:19  Zergling x4  
  121  9:20  Zergling x2  
  122  9:27  Drone, Overlord  
  122  9:28  Zergling x2  
  122  9:29  Baneling x3  
  122  9:30  Baneling x2  
  124  9:36  Baneling x5  
  123  9:40  Drone x6  
  123  9:42  Hive  
  118  9:47  Zergling x14  
  125  9:57  Drone  
  125  9:58  Drone, Zergling x2  
  125  9:59  Zergling x4  
  129  10:01  Zergling x4  
  129  10:02  Zergling x6  
  129  10:04  Zergling x2  
  135  10:14  Baneling x7  
  135  10:17  Baneling x10  
  135  10:20  Zergling x2  
  135  10:21  Overlord, Zergling x8  
  140  10:22  Overlord  
  140  10:27  Baneling x6  
  140  10:28  Baneling, Zergling x8  
  140  10:37  Drone  
  140  10:38  Drone  
  140  10:40  Zergling x10  
  137  10:45  Zergling x2  
  137  10:46  Zergling x2  
  133  10:53  Zergling x10  
  130  10:58  Baneling x5  
  130  10:59  Baneling x3  
  130  11:01  Zergling x14  
  130  11:02  Zergling x2  
  133  11:05  Zergling x4  
  133  11:10  Zergling x6  
  133  11:11  Queen  
  125  11:16  Zergling x2  
  125  11:17  Zergling x2  
  125  11:20  Baneling x6  
  125  11:21  Baneling  
  125  11:22  Zergling x4  
  125  11:23  Zergling x2  
  123  11:27  Zergling x4  
  123  11:30  Zergling x2  
  103  11:40  Zergling x10  
  93  11:48  Zergling x2  
  93  11:49  Zergling x12  
  99  11:56  Zergling x2  
  99  11:57  Zergling x2  
  99  11:59  Baneling x2, Hatchery  
  99  12:00  Zergling x2  
  93  12:05  Baneling  
  91  12:11  Hatchery  
Show
View Real Time Build Order
Export as new Build Order

Kelazhur Terran - Winner!

Build Orders:  

Get SALT Encoding   

  12  0:00  SCV  
  13  0:13  SCV  
  14  0:17  Supply Depot  
  14  0:25  SCV  
  15  0:38  SCV  
  15  0:39  Barracks  
  16  0:43  Refinery  
  16  0:50  SCV  
  17  1:00  Barracks  
  17  1:02  SCV  
  18  1:15  SCV  
  19  1:20  Barracks  
  19  1:27  Reaper  
  19  1:29  Refinery  
  20  1:41  Orbital Command  
  20  1:47  Reaper  
  20  1:53  Supply Depot  
  21  1:59  Reaper  
  22  2:08  Reaper  
  23  2:15  SCV  
  24  2:19  Reaper  
  25  2:23  Supply Depot  
  25  2:37  Reaper  
  25  2:40  Reaper  
  27  2:48  SCV  
  28  2:51  Reaper  
  28  2:52  Supply Depot  
  29  3:09  Reaper  
  29  3:12  Reaper  
  31  3:14  SCV  
  32  3:23  Reaper, Command Center  
  33  3:27  SCV  
  33  3:32  Supply Depot  
  34  3:39  SCV  
  35  3:41  Reaper  
  35  3:44  Reaper  
  37  3:51  SCV  
  38  3:56  Reaper  
  39  4:03  SCV  
  39  4:08  Command Center  
  40  4:16  Reaper x2  
  42  4:18  SCV  
  43  4:28  Reaper  
  41  4:41  Orbital Command  
  41  4:42  SCV  
  42  4:48  Reaper  
  42  4:51  Barracks  
  42  4:52  Barracks Tech Lab  
  43  4:54  Barracks  
  40  5:02  Reaper  
  37  5:09  SCV x2  
  37  5:12  Stimpack  
  37  5:13  Reaper  
  40  5:16  Refinery  
  40  5:17  Refinery  
  40  5:21  SCV x2  
  41  5:40  SCV  
  41  5:41  SCV  
  45  5:43  Orbital Command  
  45  5:46  Marine x5  
  45  5:48  Factory  
  46  5:52  Engineering Bay, SCV  
  46  5:54  Engineering Bay, SCV  
  47  6:04  SCV  
  47  6:05  Barracks Reactor x2  
  47  6:06  SCV  
  47  6:08  SCV  
  50  6:16  SCV  
  50  6:18  SCV  
  52  6:21  Marine x3  
  52  6:22  SCV  
  52  6:23  Terran Infantry Weapons Level 1, Terran Infantry Armor Level 1  
  56  6:28  SCV  
  56  6:30  SCV  
  56  6:32  Factory Reactor  
  58  6:33  Starport  
  58  6:34  SCV  
  58  6:39  Marine x2  
  63  6:40  Marauder, SCV  
  63  6:42  Supply Depot, SCV  
  63  6:46  Marine x3, SCV  
  69  6:47  Marine  
  69  6:52  SCV  
  71  6:54  SCV  
  71  6:56  Combat Shield  
  71  6:58  Marine x2  
  71  6:59  SCV  
  71  7:01  Marine  
  76  7:11  Orbital Command  
  76  7:13  Marine x3  
  76  7:15  SCV x2  
  76  7:19  Marauder  
  76  7:22  Barracks  
  77  7:23  Armory  
  77  7:24  Barracks x2  
  77  7:28  Barracks Reactor  
  77  7:30  Supply Depot  
  77  7:32  SCV  
  77  7:33  SCV  
  77  7:34  Barracks Reactor  
  79  7:38  Marine x4  
  79  7:39  SCV  
  79  7:40  Marine  
  79  7:42  Factory Reactor, Medivac x2  
  89  7:45  SCV x2  
  89  7:51  SCV  
  92  7:52  Supply Depot  
  92  7:55  Supply Depot  
  92  7:57  SCV x2  
  94  8:01  Marine x4  
  94  8:03  Marauder  
  100  8:05  SCV  
  100  8:09  Supply Depot  
  101  8:13  Barracks Reactor, Barracks Tech Lab x2  
  101  8:14  Marine x2, Medivac x2  
  101  8:15  Supply Depot  
  110  8:23  Marine x2  
  110  8:24  Marauder, Marine x4  
  115  8:29  Supply Depot  
  115  8:32  Terran Infantry Weapons Level 2, Supply Depot  
  115  8:33  Terran Infantry Armor Level 2  
  117  8:34  Widow Mine  
  117  8:36  Widow Mine  
  119  8:45  Marine  
  119  8:46  Marauder, Marine x2  
  119  8:47  Marauder, Marine  
  125  8:55  Marine  
  122  8:57  Marine x5  
  122  9:01  Medivac x2  
  127  9:12  Marauder x2, Marine  
  127  9:16  Widow Mine x2  
  136  9:19  Marine  
  136  9:20  Marauder  
  136  9:23  Supply Depot  
  139  9:29  Command Center  
  139  9:33  Supply Depot  
  139  9:41  Medivac  
  139  9:42  Widow Mine x2, Medivac  
  139  9:43  Marauder  
  139  9:45  Marauder, Marine x2  
  153  9:49  Supply Depot  
  153  9:51  Supply Depot  
  153  9:55  Marauder  
  154  10:02  Marine  
  154  10:04  Marauder  
  154  10:05  Widow Mine x2  
  161  10:08  Marine  
  161  10:09  Marauder  
  161  10:10  Marine  
  161  10:11  Supply Depot, Marine, Medivac x2  
  170  10:18  Marine  
  170  10:19  Marauder  
  173  10:22  Marine  
  173  10:26  Marauder  
  176  10:34  Marauder, Marine  
  179  10:36  Marine  
  179  10:37  Marine x4  
  179  10:40  Marauder  
  180  10:44  Marine x2  
  180  10:45  Marine  
  180  10:47  Marauder, Widow Mine x2, Medivac x2  
  187  10:50  Marine  
  187  10:56  Marauder  
  186  10:57  Marine  
  186  10:58  SCV  
  186  11:01  Marauder  
  184  11:09  Marauder, Marine  
  184  11:10  Marine x4  
  179  11:17  Marine  
  179  11:18  Marauder, Marine  
  182  11:19  Widow Mine  
  185  11:29  Marine  
  185  11:30  Marauder  
  185  11:31  Widow Mine  
  180  11:40  Marine, Widow Mine  
  180  11:41  Marine  
  180  11:42  Marine  
  180  11:44  Marine x6  
  175  11:50  Marine  
  175  11:52  Widow Mine  
  172  11:55  Orbital Command  
  172  11:59  Marine x2  
  172  12:00  Marauder  
  176  12:03  Supply Depot  
Tags
 
Add a new tag
Caveats
  • Supply blocks, unpowered buildings, or Contaminate may cause inaccurate times.
  • Supply counts are checked every 10 seconds.